AoeStats
← Taylor

Black Forest

504824028Analyzed
4v4 RM · 25d ago on Sep 6, 2026· 45m 27s· 8 players
Game mode
Random Map
Map size
Large (8 player)
Population
200
Speed
Normal
Resources
Standard
Victory
Conquest
Starting age
Dark Age
Ending age
Imperial Age
RankedLock teamsTeams togetherTeam positionsShared explorationLock speedFull tech treeHidden civsTurbo modeCheats
Victory
Defeat
🇲🇽 Britons · Mexico
999
+14
🇺🇸 Chinese · United States
977
+15
🇬🇧 Khmer · United Kingdom
970
+15
🇪🇸 Khmer · Spain
941
+16
🇹🇭 Huns · Thailand
1000
-51
🇦🇷 Persians · Argentina
999
-16
🇹🇭 Teutons · Thailand
913
-14
🇹🇭 Spanish · Thailand
901
-13
Bish
11:04 Feudal Age
13:59 Castle Age
12:45 Loom
12:55 Horse Collar
13:51 Double-Bit Axe
14:33 Loom
14:55 Heavy Plow
15:09 Bow Saw
21:01 Scale Barding Armor
21:55 Forging
22:09 Fletching
24:12 Wheelbarrow
23:23 Town Watch
24:12 Bloodlines
24:05 Husbandry
28:40 Imperial Age
29:03 Iron Casting
28:48 Chain Barding Armor
28:24 Bodkin Arrow
28:44 Masonry
28:56 Ballistics
28:31 Light Cavalry
28:55 Capped Ram
29:39 Hussar
31:25 Blast Furnace
30:43 Caravan
31:01 Cavalier
32:50 Crop Rotation
32:55 Hand Cart
33:11 Siege Ram
35:00 Plate Barding Armor
34:26 Bracer
38:01 Hoardings
37:55 Conscription
[SJS] rafaelgallegos
0:37 Loom
11:18 Feudal Age
16:07 Castle Age
14:33 Double-Bit Axe
15:03 Horse Collar
16:44 Wheelbarrow
18:33 Heavy Plow
20:16 Bow Saw
25:23 Gold Mining
26:27 Stone Mining
27:29 Fletching
28:27 Padded Archer Armor
28:40 Bodkin Arrow
32:59 Imperial Age
31:07 Hand Cart
31:34 Leather Archer Armor
32:27 Ballistics
33:40 Bracer
34:53 Yeomen
35:32 Ring Archer Armor
37:01 Elite Longbowman
38:01 Conscription
39:05 Chemistry
41:13 Gold Shaft Mining
41:01 Warwolf
Taylor
16:32 Feudal Age
17:16 Town Watch
19:09 Horse Collar
18:56 Man-at-Arms
23:26 Wheelbarrow
27:57 Castle Age
26:36 Fletching
26:57 Forging
28:36 Crossbowman
28:39 Long Swordsman
29:19 Squires
31:15 Iron Casting
30:36 Bodkin Arrow
31:38 Thumb Ring
33:14 Town Patrol
33:17 Scale Mail Armor
33:17 Padded Archer Armor
35:59 Chain Mail Armor
35:53 Heavy Plow
36:56 Hand Cart
37:42 Leather Archer Armor
38:05 Loom
48:15 Imperial Age
|GaoeG| Ratarax
12:39 Feudal Age
16:19 Castle Age
14:33 Double-Bit Axe
14:32 Horse Collar
18:38 Wheelbarrow
18:40 Bow Saw
22:11 Stone Mining
29:00 Imperial Age
27:12 Stone Shaft Mining
26:32 Gold Mining
28:03 Padded Archer Armor
27:54 Fletching
29:21 Gold Shaft Mining
29:41 Husbandry
30:02 Leather Archer Armor
31:55 Heavy Plow
33:03 Conscription
34:40 Chemistry
33:46 Double Crossbow
34:41 Crop Rotation
34:48 Loom
35:24 Hand Cart
36:01 Elite Ballista Elephant
38:36 Ballistics
41:08 Bodkin Arrow
41:43 Ring Archer Armor
41:52 Light Cavalry
42:44 Bloodlines
44:29 Bracer
Dearboy
0:50 Loom
12:06 Feudal Age
12:38 Double-Bit Axe
14:11 Wheelbarrow
13:26 Fishing Lines
15:02 Gold Mining
20:53 Castle Age
18:48 Stone Mining
22:10 Stone Shaft Mining
22:11 Gold Shaft Mining
22:19 Gillnets
23:31 Bow Saw
24:32 Town Watch
26:00 Horse Collar
27:17 Heavy Plow
29:38 Hand Cart
30:22 Light Cavalry
31:12 Bloodlines
32:36 Bloodlines
32:26 Husbandry
35:10 Imperial Age
33:51 Ballistics
33:40 Scale Barding Armor
33:45 Forging
33:17 Crossbowman
34:03 Thumb Ring
34:00 Fletching
34:10 Padded Archer Armor
34:51 Kamandaran
35:41 Chain Barding Armor
35:57 Iron Casting
35:39 Leather Archer Armor
35:19 Bodkin Arrow
36:50 Chemistry
36:15 Conscription
36:32 Hoardings
35:27 Sappers
35:45 Cavalier
37:33 Plate Barding Armor
37:32 Ring Archer Armor
36:59 Cavalier
37:12 Sappers
38:27 Elite War Elephant
39:52 Crop Rotation
39:33 Hussar
40:05 Onager
42:20 Blast Furnace
42:40 Savar
TurlysX2027
13:42 Feudal Age
12:04 Loom
14:11 Double-Bit Axe
18:04 Wheelbarrow
20:13 Horse Collar
21:52 Gold Mining
28:13 Castle Age
34:42 Pikeman
36:40 Hand Cart
36:11 Town Watch
38:58 Imperial Age
Cody
0:29 Loom
13:42 Feudal Age
19:16 Castle Age
17:50 Double-Bit Axe
18:09 Horse Collar
20:33 Wheelbarrow
21:50 Fletching
27:46 Heavy Plow
28:26 Bodkin Arrow
28:25 Stone Mining
35:45 Imperial Age
32:40 Pikeman
33:21 Squires
Zozimbo
0:41 Loom
14:31 Feudal Age
18:32 Man-at-Arms
26:38 Castle Age
34:26 Double-Bit Axe
39:39 Coinage
39:09 Caravan
42:04 Imperial Age
44:02 Chemistry
42:47 Arrowslits
44:28 Supremacy
44:10 Inquisition
44:30 Conscription
Connection lost

Rejoining the realm…

Still unreachable

The connection could not be restored.

Session expired

The server has moved on; the page needs a fresh start.